 Dungeon Crawl Stone Soup version 0.27-a0-920-gb2bd10914a (webtiles) character file.

Game seed: 13051899321935024910

252 dickylongcocking the Insei (level 6, -6/38 HPs)
             Began as an Octopode Transmuter on Apr 10, 2021.
             Mangled by an ogre
             ... wielding a +0 giant spiked club
              (22 damage)
             ... on level 4 of the Dungeon.
             The game lasted 00:03:03 (4882 turns).

dickylongcocking the Insei (Octopode Transmuter)    Turns: 4882, Time: 00:03:03

Health: -6/38      AC:  2    Str: 10    XL:     6   Next: 14%
Magic:  7/9        EV: 19    Int: 17    God:
Gold:   142        SH:  0    Dex: 17    Spells: 5/9 levels left

rFire    . . .     SeeInvis .     - Unarmed
rCold    . . .     Faith    .   (shield currently unavailable)
rNeg     . . .     Spirit   .   (helmet currently unavailable)
rPois    x         Reflect  .   (no amulet)
rElec    .         Harm     .   (no ring)
rCorr    .         Rampage  .   (no ring)
Will     .....                  (no ring)
Stlth    +++.......             (no ring)
HPRegen  0.12/turn              (no ring)
MPRegen  0.11/turn              (no ring)
                                (no ring)
                                (no ring)

@: brilliant, spider-form
A: venomous fangs, almost no armour, (amphibious), 8 rings, tiny, (camouflage
1), (gelatinous body 1), (nimble swimmer 1), (tentacles)
a: End Transformation


You were on level 4 of the Dungeon.
You were a venomous arachnid creature.
You visited 1 branch of the dungeon, and saw 4 of its levels.

You collected 142 gold pieces.

Inventory:

Jewellery
 d - an amulet of guardian spirit
Scrolls
 a - 2 scrolls of fear {unknown}
 e - 2 scrolls of torment {unknown}
 g - 3 scrolls of identify {unknown}
 h - 2 scrolls of magic mapping {unknown}
 i - a scroll of enchant armour {unknown}
Potions
 b - a potion of resistance {unknown}
 c - 2 potions of brilliance
 f - a potion of attraction {unknown}


   Skills:
 - Level 1.0 Fighting
 - Level 2.0 Dodging
 * Level 4.0 Stealth
 * Level 4.6 Unarmed Combat
 - Level 2.0 Spellcasting
 * Level 4.1 Transmutations


You had 5 spell levels left.
You knew the following spells:

 Your Spells              Type           Power      Damage    Failure   Level
a - Beastly Appendage     Tmut           46%        N/A       12%         1
c - Spider Form           Tmut/Pois      6%         N/A       47%         3

Your spell library contained the following spells:

 Spells                   Type           Power      Damage    Failure   Level
 Wereblood                Tmut           23%        N/A       16%         2
 Confusing Touch          Hex            2%         N/A       71%         3
 Gell's Gravitas          Tloc           1%         N/A       71%         3
 Ice Form                 Ice/Tmut       13%        N/A       82%         4
 Petrify                  Tmut/Erth      13%        N/A       82%         4
 Hydra Form               Tmut           11%        N/A       86%         5
 Yara's Violent Unravell  Hex/Tmut       6%         3d5       98%         5
 Metabolic Englaciation   Hex/Ice        1%         N/A       100%        5


Dungeon Overview and Level Annotations

Branches:
Dungeon (4/15)
 Temple: D:4-7

Altars:


Innate Abilities, Weirdness & Mutations

You are a venomous arachnid creature.
You have poisonous fangs.
You are tiny and dextrous.
Your spellcasting is less reliable in this form.
Your armour is entirely melded.
You are incapable of wielding weapons or throwing items.
You cannot wear most types of armour.
((You are amphibious.))
You can wear up to eight rings at the same time.
((Your skin changes colour to match your surroundings (Stealth+).))
((Your rubbery body absorbs attacks. (AC +1, EV +1)))
((You are camouflaged near water. (Stealth+)))
((You have tentacles for arms and can constrict up to eight enemies at once.))


Message History

You bite the howler monkey skeleton!
You destroy the howler monkey skeleton!
You hit the ogre.
The ogre is lightly wounded.
You hit the ogre but do no damage.
The ogre is poisoned.
The ogre is lightly wounded.
The ogre closely misses you.
You hit the ogre.
The ogre is lightly wounded.
The ogre completely misses you.
You barely miss the ogre.
The ogre is lightly wounded.
The ogre hits you with a +0 giant spiked club!!
Ouch! That really hurt!
Unknown command.
Your transformation has ended.
Casting: Spider Form (quite dangerous; 26% risk of failure)
Confirm with . or Enter, or press ? or * to list all spells.
Okay, then.
Unknown command.
Okay, then.
You aren't carrying any items that you can evoke.
Unknown command.
Okay, then.
It was a potion of brilliance.
You feel clever all of a sudden.
There is an open door here.
There is an open door here.
Casting: Spider Form (quite dangerous; 26% risk of failure)
Confirm with . or Enter, or press ? or * to list all spells.
The spell is quite dangerous to cast (26% risk of failure)!
Continue anyway?
You feel a surge of power!
You turn into a venomous arachnid creature.
The ogre barely misses you.
Unknown command.
You hit the ogre.
The ogre is poisoned.
The ogre is heavily wounded.
The ogre hits you with a +0 giant spiked club!!
Ouch! That really hurt!
You die...

######## #.#
#########......################.#
..†.....'........†...............
#########......##########+#######
#......# #...# ###'######...# . #
#............# ...###
#...........<# ......
#......Os....# ######
#............# #########
###'######...# #........ # #.#
#...####.####### # #.#
#...##.......... #
##'###########.#.####### ########
#..............#........
.......###.....)........#########
######..##.....................#


You could see an ogre (very poisoned).

Vanquished Creatures
  A centaur zombie (D:3)
  A hound (D:4)
  2 jellies (D:4)
  2 howler monkey skeletons (D:4)
  An adder (D:4)
  An adder skeleton (D:4)
  3 worms
  3 dart slugs
  5 ball pythons
  8 endoplasms
  5 giant cockroaches
  13 goblins
  9 hobgoblins
  2 jackals (D:1)
  A quokka (D:3)
  5 bats
  A frilled lizard (D:2)
  9 kobolds
  A quokka skeleton (D:4)
  9 rats
82 creatures vanquished.

Notes
Turn   | Place    | Note
-------+----------+-------------------------------------------
     0 | D:1      | dickylongcocking the Octopode Transmuter began the quest
                  | for the Orb.
     0 | D:1      | Reached XP level 1. HP: 13/13 MP: 3/3
   130 | D:1      | Reached XP level 2. HP: 4/18 MP: 3/5
   866 | D:1      | Reached XP level 3. HP: 19/23 MP: 6/6
  1339 | D:1      | Found a faded altar of an unknown god.
  1491 | D:2      | Reached skill level 1 in Stealth
  2149 | D:2      | Reached XP level 4. HP: 28/28 MP: 7/7
  3418 | D:3      | Reached XP level 5. HP: 24/33 MP: 8/8
  4377 | D:4      | Reached XP level 6. HP: 26/38 MP: 9/9
  4839 | D:4      | Learned a level 3 spell: Spider Form
  4882 | D:4      | Mangled by an ogre

Illustrated notes

Levels and vault maps discovered:
D:1:      psy_arrival_radial02, layout_loops_ring, shapermc_ecumenical_altar_gd
D:2:      layout_rooms, minmay_door_square
D:3:      layout_loops_ring
D:4:      layout_basic, grunt_ministairs_2, patterned_corridor

Skill      XL: |  1  2  3  4  5  6 |
---------------+-------------------+-----
Stealth        | 1 2 3 4 |  4.0
Transmutations | 3 4 |  4.1
Unarmed Combat | 4 |  4.6
Fighting       | |  1.0
Dodging        | |  2.0
Spellcasting   | |  2.0

Action                   |  1- 3 |  4- 6 || total
-------------------------+-------+-------++-------
Melee: Unarmed           |    97 |   115 ||   212
       Constrict         |    22 |    19 ||    41
       Kick              |    14 |    10 ||    24
       Tentacles         |    14 |    20 ||    34
       Punch             |     3 |     2 ||     5
 Cast: Beastly Appendage |    12 |     5 ||    17
       Spider Form       |       |     2 ||     2
  Use: Potion            |       |     1 ||     1
 Stab: Sleeping          |    10 |    14 ||    24
Armor: Skin              |     8 |     6 ||    14
Dodge: Dodged            |    61 |    92 ||   153

Table legend: (Time is in decaauts)
 A = Elapsed time spent in this place.
 B = Non-inter-level travel time spent in this place.
 C = Inter-level travel time spent in this place.
 D = Time resting spent in this place.
 E = Time spent auto-exploring this place.
 F = Levels seen in this place.
 G = Mean time per level.
                   A        B        C        D        E       F      G
               +--------+--------+--------+--------+--------+-----+--------+
         Total |   4871 |   4820 |     51 |    910 |   3250 |   4 | 1217.8 |
       Dungeon |   4871 |   4820 |     51 |    910 |   3250 |   4 | 1217.8 |
               +--------+--------+--------+--------+--------+-----+--------+

Top non-repeatable levels by time:
     D:2: 1462 daAuts
     D:1: 1450 daAuts
     D:3: 1048 daAuts
     D:4: 910 daAuts
